 Dungeon Crawl Stone Soup version 0.18-a0-329-g5b4d444 (webtiles) character file.

3950 Proton the Cleaver (level 10, -1/79 HPs)
             Began as a Formicid Fighter on Nov 28, 2015.
             Was the Champion of Jiyva.
             Incinerated by a mottled dragon (2 damage)
             ... with a sticky flame
             ... on level 11 of the Dungeon.
             The game lasted 00:16:32 (6850 turns).

Proton the Cleaver (Formicid Fighter)               Turns: 6850, Time: 00:16:32

Health: -1/79      AC: 16    Str: 20    XL:     10   Next: 45%
Magic:  9/10       EV: 12    Int:  9    God:    Jiyva [******]
Gold:   264        SH: 11    Dex: 15    Spells: 0 memorised, 9 levels left

rFire  + . .     SeeInvis +     a - +0 war axe
rCold  . . .     Clarity  +     q - +4 scale mail {rF+}
rNeg   . . .     SustAt   .     c - +0 shield
rPois  +         Gourm    .     (helmet unavailable)
rElec  .         Spirit   .     j - +0 cloak
rCorr  +         Warding  .     (no gloves)
rMut   .         Stasis   +     r - +0 pair of boots
MR     ++...                    g - amulet of resist corrosion
Stlth  ..........               (no ring)
                                (no ring)

@: liquid flames, glowing, very resistant to hostile enchantments, extremely
unstealthy
A: permanent stasis, dig shafts and tunnels, four strong arms, antennae 3, thin
metallic scales 1, clarity, magic resistance 1, poison resistance, strong 1
a: Dig, Shaft Self, Request Jelly, Jelly Paralyse, Slimify, Cure Bad Mutation,
Renounce Religion


You were on level 11 of the Dungeon.
You worshipped Jiyva.
Jiyva was exalted by your worship.
You were full.

You visited 1 branch of the dungeon, and saw 10 of its levels.

You collected 264 gold pieces.

Inventory:

Hand Weapons
 a - a +0 war axe (weapon)
Armour
 c - a +0 shield (worn)
 j - a +0 cloak (worn)
 q - a +4 scale mail of fire resistance (worn)
 r - a +0 pair of boots (worn)
Jewellery
 g - an amulet of resist corrosion (around neck)
Scrolls
 e - a scroll of remove curse {unknown}
 f - 6 scrolls of identify
 h - 2 scrolls of amnesia {unknown}
 i - a scroll of magic mapping {unknown}
 n - a scroll of blinking {unknown}
 p - a scroll of enchant armour {unknown}
 s - a scroll of noise {unknown}
 t - a scroll of silence {unknown}
 u - 2 scrolls of teleportation {unknown}
 x - a scroll of random uselessness {unknown}
Potions
 b - a potion of lignification {unknown}
 d - a potion of might
 m - 4 potions of curing
 o - a potion of agility
 v - a potion of ambrosia {unknown}
 w - a potion of beneficial mutation {unknown}
 z - a potion of berserk rage {unknown}
Comestibles
 k - 3 fruits
 l - 3 meat rations


   Skills:
 + Level 7.3 Fighting
 * Level 8.7 Axes
 + Level 7.2 Armour
 + Level 4.9 Dodging
 + Level 8.1 Shields


You had 9 spell levels left.
You didn't know any spells.

Dungeon Overview and Level Annotations

Branches:
Dungeon (11/15)            Temple (0/1) D:5            Lair (0/8) D:9
    Orc: D:9-12

Altars:
Cheibriados
Dithmenos
Fedhas
Gozag
Okawaru
Zin
Jiyva


Innate Abilities, Weirdness & Mutations

You are under a permanent stasis effect.
You can dig through walls and to a lower floor.
Your four strong arms can wield two-handed weapons with a shield.
You have a pair of large antennae on your head (SInv).
You are partially covered in thin metallic scales (AC +2).
You possess an exceptional clarity of mind.
You are resistant to hostile enchantments.
Your system is resistant to poisons.
Your muscles are strong. (Str +2)


Message History

The mottled dragon breathes sticky fire at you.
The sticky flame hits you!
You are covered in liquid flames!
You hit the mottled dragon.
The mottled dragon is heavily wounded.
You are covered in liquid flames!
* * * LOW HITPOINT WARNING * * *
The mottled dragon bites you.
* * * LOW HITPOINT WARNING * * *
You block the mottled dragon's attack.
You barely miss the mottled dragon.
The mottled dragon is heavily wounded.
You are covered in liquid flames!
* * * LOW HITPOINT WARNING * * *
You block the mottled dragon's attack.
The mottled dragon claws you but does no damage.
You completely miss the mottled dragon.
The mottled dragon is heavily wounded.
You are covered in liquid flames!
You die...

#..<.##
......#
......#
..(..
....
..#
##D#
#@# #.#
#.# #..
....
.##..
#. #..
#. ...
## ##.


You could see a mottled dragon.

Vanquished Creatures
  Joseph (D:7)
  Psyche (D:8)
  2 yaks (D:9)
  A deep elf fighter (D:9)
  A hungry ghost (D:8)
  Edmund (D:5)
  2 ice beasts
  An orc warrior (D:8)
  A sky beast (D:9)
  2 phantoms
  A crocodile (D:9)
  4 ogres
  A centaur (D:6)
  5 giant frogs
  2 scorpions (D:4)
  3 wights (D:8)
  6 killer bees
  A quasit (D:5)
  A wasp zombie (D:7)
  3 orc priests
  4 hounds
  Crazy Yiuf (D:3)
  A giant frog skeleton (D:8)
  An orc wizard (D:4)
  2 iguanas
  5 worker ants
  A hound skeleton (D:4)
  6 adders
  2 river rats (D:9)
  2 shadow imps (D:5)
  4 giant geckos
  22 orcs
  4 giant cockroaches
  8 goblins
  7 hobgoblins
  A kobold (D:1)
  A ball python (D:7)
  4 bats
  3 giant newts
  6 jackals (D:1)
  18 rats
143 creatures vanquished.

Vanquished Creatures (others)
  A slime creature (D:9)
  Menkaure (D:6)
  A sky beast (D:5)
  An ogre (D:6)
  A big kobold (D:7)
  2 giant frogs
  A wyvern zombie (D:9)
  A scorpion (D:5)
  3 killer bees
  19 jellies
  2 hounds
  2 orc priests (D:4)
  9 orc wizards
  A centaur skeleton (D:7)
  3 worker ants
  Robin (D:3)
  2 adders (D:3)
  2 worker ant zombies
  An ooze (D:7)
  2 worms
  2 giant geckos
  13 orcs
  10 goblins (D:3)
  5 hobgoblins (D:3)
  2 jackals (D:3)
  2 quokkas
  A ball python (D:2)
  3 bats
  A giant newt (D:6)
  5 kobolds
  A quokka skeleton (D:6)
  2 rats
  6 fungi (D:9)
109 creatures vanquished.

Grand Total: 252 creatures vanquished

Notes
Turn   | Place    | Note
--------------------------------------------------------------
     0 | D:1      | Proton the Formicid Fighter began the quest for the Orb.
     0 | D:1      | Reached XP level 1. HP: 18/18 MP: 1/1
    57 | D:1      | Reached XP level 2. HP: 17/24 MP: 2/2
   337 | D:1      | Reached XP level 3. HP: 29/29 MP: 3/3
   534 | D:2      | Found a faded altar to an unknown god.
   551 | D:2      | Reached skill level 4 in Shields
   557 | D:2      | Became a worshipper of Jiyva Jatoral the Shapeless
   557 | D:2      | Reached * piety under Jiyva
   667 | D:2      | Found a blossoming altar of Fedhas.
   676 | D:2      | Reached ** piety under Jiyva
   717 | D:2      | Reached XP level 4. HP: 32/37 MP: 4/4
   853 | D:2      | Found an opulent altar of Gozag.
   902 | D:2      | Found a glowing silver altar of Zin.
   970 | D:2      | Found a snail-covered altar of Cheibriados.
  1106 | D:2      | Found a shadowy altar of Dithmenos.
  1241 | D:3      | Reached *** piety under Jiyva
  1259 | D:3      | Reached XP level 5. HP: 14/42 MP: 5/5
  1259 | D:3      | Gained mutation: Your mind is acute. (Int +2) [Jiyva's grace]
  1265 | D:3      | Reached **** piety under Jiyva
  1271 | D:3      | Killed Robin
  1323 | D:3      | Gained mutation: You possess an exceptional clarity of mind. [Jiyva's grace]
  1515 | D:3      | Reached ***** piety under Jiyva
  1733 | D:3      | Noticed Crazy Yiuf
  1746 | D:3      | Killed Crazy Yiuf
  1863 | D:4      | Reached skill level 1 in Dodging
  1938 | D:4      | Reached XP level 6. HP: 20/48 MP: 6/6
  1962 | D:4      | Lost mutation: Your mind is acute. (Int +2) [Jiyva's grace]
  2265 | D:4      | Reached skill level 5 in Shields
  2265 | D:4      | Reached XP level 7. HP: 53/55 MP: 7/7
  2358 | D:4      | Gained mutation: You are partially covered in thin metallic scales (AC +2). [Jiyva's grace]
  2552 | D:5      | Entered Level 5 of the Dungeon
  2636 | D:5      | Noticed Edmund
  2666 | D:5      | Killed Edmund
  2690 | D:5      | Reached skill level 5 in Axes
  2768 | D:5      | Gained mutation: Your system is resistant to poisons. [Jiyva's grace]
  2843 | D:5      | Found a staircase to the Ecumenical Temple.
  2847 | D:5      | Reached ****** piety under Jiyva
  2888 | D:5      | Reached XP level 8. HP: 49/61 MP: 8/8
  2920 | D:5      | Lost mutation: You possess an exceptional clarity of mind. [Jiyva's grace]
  3572 | D:5      | Reached skill level 5 in Fighting
  3572 | D:5      | Reached skill level 5 in Armour
  3576 | D:5      | Gained mutation: Your spells are a little easier to cast, but a little less powerful. [mutagenic meat]
  3581 | D:5      | Gained mutation: You are clumsy. (Dex -2) [mutagenic meat]
  3582 | D:5      | Gained mutation: Armour fits poorly on your strangely shaped body. [mutagenic meat]
  3584 | D:5      | Lost mutation: You are clumsy. (Dex -2) [mutagenic meat]
  3585 | D:5      | Lost mutation: Armour fits poorly on your strangely shaped body. [Jiyva's power]
  3704 | D:6      | Reached skill level 6 in Axes
  3914 | D:6      | Lost mutation: Your system is resistant to poisons. [Jiyva's grace]
  4114 | D:6      | Killed Menkaure
  4289 | D:6      | Found an iron altar of Okawaru.
  4370 | D:7      | Reached XP level 9. HP: 68/68 MP: 9/9
  4382 | D:7      | Gained mutation: You are partially covered in rough black scales (AC +4, Dex -1). [Jiyva's grace]
  4558 | D:7      | Noticed Joseph
  4592 | D:7      | Killed Joseph
  4592 | D:7      | Reached skill level 7 in Axes
  4620 | D:7      | Gained mutation: Your system is resistant to poisons. [Jiyva's grace]
  5667 | D:8      | Noticed Psyche
  5679 | D:8      | Killed Psyche
  5972 | D:8      | Reached XP level 10. HP: 61/77 MP: 10/10
  6003 | D:8      | Lost mutation: Your spells are a little easier to cast, but a little less powerful. [Jiyva's grace]
  6048 | D:8      | Reached skill level 8 in Axes
  6409 | D:9      | Lost mutation: You are partially covered in rough black scales (AC +4, Dex -1). [Jiyva's grace]
  6437 | D:9      | Found a staircase to the Lair.
  6659 | D:9      | Gained mutation: Your muscles are strong. (Str +2) [mutagenic meat]
  6660 | D:9      | Gained mutation: You are resistant to hostile enchantments. [mutagenic meat]
  6661 | D:9      | Gained mutation: You possess an exceptional clarity of mind. [mutagenic meat]
  6845 | D:9      | You fall through a shaft for 2 floors!
  6848 | D:11     | HP: 3/79 [mottled dragon (4)]
  6849 | D:11     | HP: 1/79 [burnt (2)]
  6850 | D:11     | Incinerated by a mottled dragon

Vault maps used:
D:1:      zelgadis_glass_arrival_small
D:2:      nicolae_overflow_quartered_altars, first_bread, ecumenical_altar_2,
          minivault_19, nicolae_dithmenos_through_a_glass_darkly
D:3:      uniq_robin, uniq_crazy_yiuf_cottage
D:5:      minmay_temple_entry_enclosed_plants, small_statue_intersection,
          uniq_edmund
D:6:      minmay_misc_feat_encased, okawaru_ov_weapons_minmay, uniq_menkaure
D:7:      uniq_joseph
D:8:      uniq_psyche
D:9:      grunt_lair_entry_elf_guard_hut
D:11:     erik_orc_2, serial_shops, nicolae_shop_window_shopping

Action                   |  1- 3 |  4- 6 |  7- 9 | 10-12 || total
-------------------------+-------+-------+-------+-------++-------
Melee: War axe           |    87 |   105 |   376 |   142 ||   710
Invok: Request Jelly     |       |     3 |     9 |     1 ||    13
       Jelly Paralyse    |       |       |     4 |       ||     4
       Cure Bad Mutation |       |       |     1 |       ||     1
       Slimify           |       |       |       |     2 ||     2
 Abil: Shaft Self        |       |       |       |     1 ||     1
  Use: Scroll            |       |       |     2 |       ||     2
  Eat: Bread ration      |       |     1 |       |     1 ||     2
       Chunk             |       |       |     5 |     3 ||     8
